Unix NetHack Version 3.7.0-94 Work-in-progress - last build Dec 18 2023 00:11:04 (7e3deff068b9ef4f2ebb9a71ea0f5c4a3b578a14,branch:master). Game began 2023-12-18 23:13:35, ended 2023-12-18 23:15:12. Arasaka, chaotic male orcish Rogue -----# |....# -------- #....|### ...>..[| #|...-### # |......| ##-.---# #############-...(..| # ### # |......| # .......| ### ----.--- # ###### ----.----- 0### # |........| # # |.........### # |.ddd....|### # |..@.....-# # |..).....| #### ---------- ----.-.- |.....[| |..<...| -------- Arasaka the Footpad St:13 Dx:16 Co:16 In:11 Wi:10 Ch:9 Chaotic Dlvl:2 $:7 HP:0(11) Pw:2(2) AC:7 Xp:1/18 T:432 Latest messages: The newt bites! You kill the newt! You see here a newt corpse. Korone eats a newt corpse. You swap places with Korone. Where do you want to travel to? (For instructions type a '?') You descend the stairs. You see here a lock pick. You see here a scale mail. You descend the stairs. m - a magic marker. The dwarf throws a dagger! You are almost hit by a dagger. n - a dagger. The gnome hits! You hit the gnome. The gnome escapes upstairs! You climb up the stairs. You miss the gnome. You strike the gnome from behind! You kill the gnome! This door is locked. Unlock it with your lock pick? [ynq] (q) You succeed in picking the lock. The door resists! The door opens. You miss the lichen. You miss the lichen. The lichen touches you! You kill the lichen! You see here a lichen corpse. There is a lichen corpse here; eat it? [ynq] (n) This lichen corpse tastes okay. You finish eating the lichen corpse. With great effort you move the boulder. That door is closed. The door opens. You see here a stiletto. The jackal bites! You miss the jackal. The jackal bites! You hit the jackal. The jackal misses! The jackal bites! You miss the jackal. The jackal bites! The jackal bites! The jackal bites! You die... Inventory: Coins ('$') $ - 7 gold pieces Weapons (')') n - an uncursed +0 dagger b - 13 uncursed +0 orcish daggers (alternate weapons; not wielded) a - an uncursed +0 orcish short sword (weapon in left hand) Armor ('[') c - an uncursed +1 leather armor (being worn) Comestibles ('%') g - 2 uncursed food rations h - an uncursed egg Spellbooks ('+') k - a cursed spellbook of detect food Potions ('!') l - an uncursed potion of healing j - an uncursed potion of invisibility d - an uncursed potion of sickness Rings ('=') i - a cursed ring of aggravate monster Tools ('(') f - an empty uncursed sack e - an uncursed lock pick m - an uncursed magic marker (0:49) Arasaka the Rogue's attributes: Background: You were a Footpad, a level 1 male orcish Rogue. You were chaotic, on a mission for Kos who was opposed by Issek (lawful) and Mog (neutral). You were left-handed. You were in the Dungeons of Doom, on level 2. You entered the dungeon 432 turns ago. It was nighttime. You had 18 experience points, 2 more were needed to attain level 2. Basics: You had 0 out of 11 hit points. You had both energy points (spell power). Your armor class was 7. Your wallet contained 7 zorkmids. Autopickup was on for '$"?' plus thrown, with exceptions. Final Characteristics: Your strength was 13 (limit:18/50). Your dexterity was 16 (limit:18). Your constitution was 16 (limit:18). Your intelligence was 11 (limit:16). Your wisdom was 10 (limit:16). Your charisma was 9 (limit:16). Final Status: You weren't hungry. You were unencumbered. You were wielding a short sword. You had basic skill with short sword. Final Attributes: You were fervently aligned. You were poison resistant. You had infravision. You were stealthy. You were warded. You are dead. Miscellaneous: You disabled loading of bones levels. Total elapsed playing time was 1 minute and 36 seconds. Major events: Turn 1: Arasaka the chaotic male orcish Rogue entered the dungeon 349: entered the Gnomish Mines 432: killed by a jackal Vanquished creatures: a gnome a sewer rat 2 lichens 2 newts 6 creatures vanquished. No species were genocided or became extinct. Voluntary challenges: You followed a strict vegan diet. You were an atheist. You read items or engraved 1 time. You never engraved Elbereth. You never genocided any monsters. You never polymorphed an object. You never changed form. You used no wishes. Achievement: You entered the Gnomish Mines. The Dungeons of Doom: levels 1 to 2 Level 1: Some fountains. Level 2: <- You were here. Stairs down to The Gnomish Mines. Final resting place for you, killed by a jackal. The Gnomish Mines: Level 3: Game over: ---------- / \ / REST \ / IN \ / PEACE \ / \ | Arasaka | | 7 Au | | killed by a | | jackal | | | | | | 2023 | *| * * * | * _________)/\\_//(\/(/\)/\//\/|_)_______ Goodbye Arasaka the Rogue... You died in The Dungeons of Doom on dungeon level 2 with 179 points, and 7 pieces of gold, after 432 moves. You were level 1 with a maximum of 11 hit points when you died.